 Dungeon Crawl Stone Soup version 0.20-a0-967-g62cfa5d (webtiles) character file.

32 Krakonus1 the Grasshopper (level 3, 0/29 HPs)
             Began as a Bultungin Warper on Apr 7, 2017.
             Slain by a worm (4 damage)
             ... on level 2 of the Dungeon.
             The game lasted 00:03:51 (1700 turns).

Krakonus1 the Grasshopper (Bultungin Warper)        Turns: 1700, Time: 00:03:51

Health: 0/29       AC:  3    Str: 11    XL:     3   Next: 27%
Magic:  7/7        EV: 13    Int: 13    God:
Gold:   80         SH:  0    Dex: 13    Spells: 6/8 levels left

rFire    . . .     SeeInvis +   m - -2 hand axe (curse)
rCold    . . .     Gourm    .   (no shield)
rNeg     . . .     Faith    .   b - +0 leather armour
rPois    .         Spirit   .   (no helmet)
rElec    .         Reflect  .   (no cloak)
rCorr    .         Harm     .   (no gloves)
MR       .....                  (no boots)
Stlth    +.........             (no amulet)
Regen    0.1/turn               h - ring of wizardry
MPRegen  0.1/turn               (no ring)

@: no status effects
A: short attention span, fangs 1, see invisible, strong nose
a: no special abilities


You were on level 2 of the Dungeon.
You were hungry.

You visited 1 branch of the dungeon, and saw 2 of its levels.

You collected 80 gold pieces.

Inventory:

Hand Weapons
 a - a +0 falchion
 g - a +0 dagger of holy wrath
 m - a cursed -2 hand axe (weapon)
Missiles
 e - 5 tomahawks of dispersal (quivered)
 i - 3 silver tomahawks
 o - 25 stones
Armour
 b - a +0 leather armour (worn)
Jewellery
 h - a ring of wizardry (left hand)
Scrolls
 k - a scroll of identify
Books
 c - a book of Spatial Translocations

   Spells                             Type                      Level
   a - Blink                          Translocation                2
   b - Shroud of Golubria             Charms/Translocation         2
   c - Lesser Beckoning               Translocation                3
   d - Gell's Gravitas                Translocation                3
   e - Teleport Other                 Translocation                3
   f - Passage of Golubria            Translocation                4
Comestibles
 f - 3 bread rations
 j - a royal jelly
 l - a meat ration


   Skills:
 + Level 3.3 Fighting
 + Level 3.5 Long Blades
 + Level 1.3 Axes
 + Level 1.7 Throwing
 + Level 2.3 Armour
 + Level 3.4 Dodging
 + Level 1.1 Stealth
 + Level 3.4 Spellcasting
 + Level 4.4 Translocations


You had 6 spell levels left.
You knew the following spells:

 Your Spells              Type           Power        Failure   Level  Hunger
a - Shroud of Golubria    Chrm/Tloc      #.........   7%          2    ##.....


Dungeon Overview and Level Annotations

Branches:
Dungeon (2/15)

Altars:


Innate Abilities, Weirdness & Mutations

You have a short attention span.
You have very sharp teeth.
You have supernaturally acute eyesight. (SInv)
Your uncanny sense of smell can sniff out nearby items.


Message History

The hobgoblin closely misses you. The worm bites you.
You slash the worm!
The worm is moderately wounded.
You hit the hobgoblin. The hobgoblin hits you with a club.
The worm barely misses you.
You hit the worm.
The worm is severely wounded.
You hit the hobgoblin. The hobgoblin hits you with a club.
* * * LOW HITPOINT WARNING * * *
You barely miss the worm.
The worm is severely wounded.
You closely miss the hobgoblin. The hobgoblin hits you with a club.
* * * LOW HITPOINT WARNING * * *
The worm closely misses you. The hobgoblin barely misses you.
The hobgoblin closely misses you.
You hit the worm.
The worm is severely wounded.
You hit the hobgoblin but do no damage. The hobgoblin completely misses you.
The worm bites you.
You die...

#.###.#.........#.#
#. #.###.#.#####..
#. #.# #.#.....###
#. ..# #.#.....+ ##
##....# #....+
#....# ####.#
#.#####@# #.....gw#
#######........
#.####### ∆... #.#
#.. ###


You could see a worm and a hobgoblin.

Vanquished Creatures
  An adder (D:2)
  A dart slug (D:1)
  3 goblins (D:1)
  A hobgoblin (D:1)
  4 jackals (D:1)
  2 kobolds (D:1)
  3 bats
  A frilled lizard (D:1)
  4 rats (D:1)
20 creatures vanquished.

Notes
Turn   | Place    | Note
-------+----------+-------------------------------------------
     0 | D:1      | Krakonus1 the Bultungin Warper began the quest for the Orb.
     0 | D:1      | Reached XP level 1. HP: 18/18 MP: 4/4
   457 | D:1      | Reached XP level 2. HP: 24/24 MP: 6/6
   845 | D:1      | Reached skill level 1 in Stealth
  1064 | D:2      | Reached skill level 1 in Axes
  1409 | D:1      | Learned a level 2 spell: Shroud of Golubria
  1450 | D:2      | Reached XP level 3. HP: 16/29 MP: 7/7
  1700 | D:2      | Slain by a worm

Vault maps used:
D:1:      scummos_arrival_forest
D:2:      first_bread, kennysheep_slug_shrine

Skill      XL: |  1  2 |
---------------+-------+-----
Stealth        | 1 |  1.1
Axes           | 1 |  1.3
Armour         | 2 |  2.3
Fighting       | |  3.3
Long Blades    | |  3.5
Throwing       | |  1.7
Dodging        | |  3.4
Spellcasting   | |  3.4
Translocations | |  4.4

Action                   || total
-------------------------++-------
Melee: Hand axe          ||    95
       Falchion          ||     9
       Bite              ||    12
 Cast: Shroud of Golubri ||     1
  Use: Scroll            ||     3
 Stab: Sleeping          ||     2
  Eat: Chunk             ||     2
Armor: Leather armour    ||    27
Dodge: Dodged            ||    81
